 Dungeon Crawl Stone Soup version 0.23.2-40-g277498a001 (webtiles) character file.

Game seed: 11581556242245057404

123412 CrazedAxUser the Executioner (level 16, -6/157 HPs)
             Began as a Minotaur Berserker on Aug 30, 2019.
             Was a High Priest of Trog.
             Killed from afar by a merfolk aquamancer (18 damage)
             ... with a torrent of water
             ... on level 2 of the Shoals.
             The game lasted 02:03:40 (29451 turns).

CrazedAxUser the Executioner (Minotaur Berserker)  Turns: 29451, Time: 02:03:41

Health: -6/157     AC: 26    Str: 27    XL:     16   Next: 36%
Magic:  4/5        EV: 11    Int:  7    God:    Trog [*****.]
Gold:   653        SH:  0    Dex: 13    Spells: 15/15 levels left

rFire    . . .     SeeInvis .   e - +5 battleaxe (antimagic)
rCold    + . .     Gourm    .   (shield currently unavailable)
rNeg     . . .     Faith    +   M - +0 plate armour of Resilience {rElec}
rPois    +         Spirit   .   O - +2 hat {Int+3}
rElec    +         Reflect  .   u - +1 cloak {MR+}
rCorr    .         Harm     .   B - +0 pair of fencer's gloves {Riposte Dex+3}
MR       ++...                  g - +2 pair of boots
Stlth    ..........             r - amulet of faith
HPRegen  0.36/turn              T - ring of poison resistance
MPRegen  0.09/turn              j - ring of flight

@: flying
A: retaliatory headbutt, horns 2, blink, clumsy 1, cold resistance 1, MP-powered
wands
a: Blink, Berserk, Trog's Hand, Brothers in Arms, Renounce Religion, Stop Flying


You were on level 2 of the Shoals.
You worshipped Trog.
Trog was extremely pleased with you.
You were not hungry.

You visited 5 branches of the dungeon, and saw 26 of its levels.
You also visited: Gauntlet.

You collected 2562 gold pieces.
You spent 1909 gold pieces at shops.

Inventory:

Hand Weapons
 e - a +5 antimagic battleaxe (weapon)
 y - a +0 halberd
 C - the +5 war axe of the Viper {flame, rF+ Dex+3}
   (You found it in a Gauntlet)

   It has been specially enchanted to burn those struck by it, causing extra
   injury to most foes and up to half again as much damage against particularly
   susceptible opponents.
   Big, fiery blades are also staple armaments of hydra-hunters.
   It affects your dexterity (+3).
   It protects you from fire.
 F - a +0 blowgun
 U - a +2 executioner's axe of holy wrath
Missiles
 f - 3 tomahawks of returning (quivered)
 h - 126 poisoned needles
 o - 42 tomahawks
 q - 2 javelins
 Q - 13 poisoned javelins
 R - 5 javelins of penetration
Armour
 g - a +2 pair of boots (worn)
 u - a +1 cloak of magic resistance (worn)
 B - the +0 pair of fencer's gloves (worn) {Riposte Dex+3}
   (You found it in a Gauntlet)

   It affects your dexterity (+3).
 L - a scarf of cloud immunity
 M - the +0 plate armour of Resilience (worn) {rElec}
   (You bought it in a shop on level 8 of the Dungeon)

   It insulates you from electricity.
 O - a +2 hat of intelligence (worn)
 P - a +2 cloak of poison resistance
Jewellery
 b - an uncursed ring of protection from cold
 d - an uncursed ring of resist corrosion
 j - a ring of flight (right hand)
 m - a cursed amulet of inaccuracy {unknown}
 r - an amulet of faith (around neck)
 s - an uncursed ring of fire
 v - the ring "Agir" {rElec Dex+4 Stlth+}
   (You found it on level 15 of the Dungeon)

   [ring of dexterity]

   It affects your dexterity (+4).
   It insulates you from electricity.
   It makes you more stealthy.
 T - a ring of poison resistance (left hand)
Wands
 x - a wand of iceblast (34)
Scrolls
 a - 2 scrolls of holy word {unknown}
 l - 3 scrolls of fear
 n - 2 scrolls of magic mapping
 t - 8 scrolls of remove curse
 w - 3 scrolls of immolation {unknown}
 A - 7 scrolls of teleportation
 D - 5 scrolls of fog
 G - 3 scrolls of blinking
 H - a scroll of acquirement {unknown}
 I - 2 scrolls of silence {unknown}
 W - a scroll of brand weapon {unknown}
Potions
 i - 2 potions of haste
 k - 3 potions of flight
 p - a potion of might
 E - 2 potions of heal wounds
 J - a potion of agility
 K - 2 potions of cancellation
 N - 5 potions of curing
Comestibles
 c - 30 rations
 z - 8 chunks of flesh


   Skills:
 + Level 17.7 Fighting
 + Level 21.7 Axes
 + Level 9.1 Throwing
 + Level 13.9 Armour
 - Level 7.0 Dodging
 + Level 2.8 Evocations


You had 15 spell levels left.
You didn't know any spells.
Your spell library contained the following spells:

 Spells                   Type           Power        Failure   Level  Hunger
 Animate Skeleton         Necr           N/A          97%         1    ##.....
 Beastly Appendage        Tmut           #.....       97%         1    ##.....
 Corona                   Hex            #......      97%         1    ##.....
 Magic Dart               Conj           #...         97%         1    ##.....
 Pain                     Necr           #...         97%         1    ##.....
 Summon Small Mammal      Summ           #...         97%         1    ##.....
 Blink                    Tloc           N/A          99%         2    ###....
 Call Imp                 Summ           #.......     99%         2    ###....
 Corpse Rot               Necr           N/A          99%         2    ###....
 Slow                     Hex            #.......     99%         2    ###....
 Sticks to Snakes         Tmut           #.......     99%         2    ###....
 Sublimation of Blood     Necr           #.........   99%         2    ###....
 Call Canine Familiar     Summ           #.......     100%        3    ####...
 Conjure Flame            Conj/Fire      #.......     100%        3    ####...
 Inner Flame              Hex/Fire       #.......     100%        3    ####...
 Mephitic Cloud           Conj/Pois/Air  #.......     100%        3    ####...
 Portal Projectile        Hex/Tloc       #.....       100%        3    ####...
 Regeneration             Chrm/Necr      #.........   100%        3    ####...
 Spider Form              Tmut/Pois      #.........   100%        3    ####...
 Static Discharge         Conj/Air       #.......     100%        3    ####...
 Summon Guardian Golem    Hex/Summ       #.......     100%        3    ####...
 Vampiric Draining        Necr           #.........   100%        3    ####...
 Animate Dead             Necr           N/A          100%        4    #####..
 Cause Fear               Hex            #.........   100%        4    #####..
 Ice Form                 Ice/Tmut       #.......     100%        4    #####..
 Leda's Liquefaction      Hex/Erth       #.........   100%        4    #####..
 Summon Ice Beast         Ice/Summ       #.......     100%        4    #####..
 Summon Lightning Spire   Summ/Air       #.......     100%        4    #####..
 Blade Hands              Tmut           #.........   100%        5    ######.
 Bolt of Magma            Conj/Fire/Erth #.........   100%        5    ######.
 Excruciating Wounds      Chrm/Necr      #.........   100%        5    ######.
 Lightning Bolt           Conj/Air       #.........   100%        5    ######.
 Metabolic Englaciation   Hex/Ice        #.........   100%        5    ######.
 Silence                  Hex/Air        #.........   100%        5    ######.
 Venom Bolt               Conj/Pois      #.........   100%        5    ######.
 Yara's Violent Unravell  Hex/Tmut       #.........   100%        5    ######.
 Bolt of Cold             Conj/Ice       #.........   100%        6    #######
 Deflect Missiles         Chrm/Air       #.........   100%        6    #######
 Freezing Cloud           Conj/Ice/Air   #.........   100%        6    #######
 Iron Shot                Conj/Erth      #.........   100%        6    #######
 Ozocubu's Refrigeration  Ice            #.........   100%        6    #######
 Simulacrum               Ice/Necr       #.........   100%        6    #######
 Statue Form              Tmut/Erth      #........    100%        6    #######
 Discord                  Hex            #.........   100%        8    #######
 Ignition                 Fire           #.........   100%        8    #######
 Shatter                  Erth           #.........   100%        9    #######
 Tornado                  Air            #.........   100%        9    #######


Dungeon Overview and Level Annotations

Branches:
Dungeon (15/15)            Temple (1/1) D:6            Lair (6/6) D:10
 Shoals (2/4) Lair:2       Spider (0/4) Lair:4        Slime (0/5) Lair:5
    Orc (2/2) D:12            Elf (0/3) Orc:2        Vaults (0/5) D:14
 Depths (0/5) D:15

Altars:
Ashenzari
Cheibriados
Dithmenos
Elyvilon
Fedhas
Gozag
Hepliaklqana
Kikubaaqudgha
Makhleb
Nemelex Xobeh
Okawaru
Qazlal
Ru
Sif Muna
Trog
Uskayaw
Vehumet
Wu Jian
Xom
Yredelemnul
Zin
The Shining One
Beogh

Shops:
D:8 [   D:10 *   D:11 (   D:13 =   D:15 }   Orc:2 *=:%

Annotations:
D:15 1 runed translucent door


Innate Abilities, Weirdness & Mutations

You reflexively headbutt those who attack you in melee.
You have a pair of horns on your head.
You can translocate small distances at will.
You are clumsy. (Dex -2)
Your flesh is cold resistant. (rC+)
You expend magic power (3 MP) to strengthen your wands.


Message History

Unknown command.
You feel very buoyant.
You fly up into the air.
You feel somewhat more hungry.
The merfolk aquamancer hits you with a +1 rapier of freezing.
* * * LOW HITPOINT WARNING * * *
Unknown command.
You hit the merfolk aquamancer.
The merfolk aquamancer's magic leaks into the air.
The merfolk aquamancer is moderately wounded.
The plant is engulfed in a cloud of scalding steam. x2
The merfolk aquamancer casts a spell at you.
The shard of ice hits you!! You partially resist.
* * * LOW HITPOINT WARNING * * *
You slice the merfolk aquamancer!!
The merfolk aquamancer's magic leaks into the air.
You headbutt the merfolk aquamancer!
The merfolk aquamancer is almost dead.
The merfolk aquamancer casts a spell at you.
The torrent of water hits you!!
You die...

...........PP≈≈≈≈≈..###...≈≈....≈
≈≈.≈.)###..≈≈P≈≈≈≈≈....≈..≈.###m
.....)##...PP≈P≈≈≈≈≈≈..≈..m##
.P≈.>)#...≈≈≈≈≈≈≈≈≈≈≈≈≈≈≈≈.#
.≈≈≈≈..P.≈≈≈≈≈≈≈≈≈≈≈≈≈≈≈≈P≈#
P.≈≈P..P..≈≈≈≈≈≈≈≈≈≈≈≈≈≈≈≈≈##
≈≈P..P.....≈≈≈≈≈≈≈()≈≈P≈≈≈≈.## .
≈≈≈P≈...##.)P.§≈))≈P.≈≈≈≈≈≈≈.##.≈
≈≈PPPP..##.P...(@m≈≈≈≈P≈≈≈P≈.S.≈≈
≈≈P≈≈P≈≈..P..§§≈≈≈≈≈≈≈≈≈≈≈≈≈≈≈.≈≈
≈≈≈≈PPP≈..PPP.((≈≈≈≈.≈≈≈≈≈≈......
≈≈≈≈≈≈≈≈...PP##(....<≈P≈P≈≈.###.#
≈≈≈≈≈≈≈≈≈....###..≈≈≈≈P≈≈≈.## ##
≈≈≈≈≈≈≈≈≈.PP..##...≈.≈≈≈≈≈P
≈≈≈≈≈≈≈≈≈.........≈=≈≈≈≈≈P.
≈≈≈≈≈≈≈≈..(≈...≈≈≈≈≈≈≈≈≈PP
≈≈≈≈≈≈≈≈≈≈≈≈..≈≈≈≈≈≈≈≈


You could see a merfolk aquamancer.

Vanquished Creatures
  Nikola (Shoals:1)
  Rupert (D:12)
  Frances (Shoals:1)
  The ghost of Tuffe the Grappler, a journeyman OgTm of Okawaru (Lair:3)
  A minotaur (Gauntlet)
  A fire dragon (Lair:6)
  2 merfolk impalers (Shoals:1)
  The ghost of CrazedAxUser the Severer, a journeyman MiBe of Trog (Lair:4)
  3 vault guards (D:14)
  5 hydras
  An ice dragon (Lair:6)
  2 rakshasas (D:15)
  Erolcha (D:11)
  8 two-headed ogres
  A merfolk avatar (Shoals:1)
  3 centaur warriors
  A merfolk aquamancer (Shoals:2)
  2 catoblepae
  5 death yaks (Lair:3)
  An ogre mage (D:15)
  A tengu warrior (D:14)
  5 orc high priests (Orc:2)
  Urug (D:12)
  A death drake (Gauntlet)
  A swamp dragon (Lair:6)
  2 sea snakes (Shoals:1)
  A glowing orange brain (D:15)
  A wizard (D:13)
  4 unseen horrors
  An orange crystal statue (D:15)
  Pikel (D:7)
  9 orc knights
  A wolf spider zombie (D:13)
  3 lindwurms
  2 deep elf magi
  A spectral wolf spider (Gauntlet)
  7 ugly things
  2 oklob plants
  4 cyclopes
  8 fauns
  A salamander (shapeshifter) (D:13)
  A faun (shapeshifter) (D:15)
  2 manticores
  Maurice (D:8)
  3 merfolk sirens
  Joseph (D:7)
  6 black mambas
  2 gargoyles
  5 elephants (Lair:6)
  5 torpor snails (Lair:6)
  An eye of devastation (Gauntlet)
  6 spiny frogs
  A kobold demonologist (D:15)
  A rime drake (Lair:6)
  An efreet (D:15)
  10 komodo dragons
  The ghost of jf82 the Conjurer, a novice TeCj (D:5)
  A tengu conjurer (D:14)
  A polar bear (Lair:2)
  5 trolls
  3 tyrant leeches (Lair:6)
  2 wind drakes (Shoals:1)
  3 meliai (D:13)
  8 merfolk
  7 hornets
  31 slime creatures
  19 blink frogs
  2 snapping turtles (Shoals:1)
  10 hippogriffs
  A centaur simulacrum (D:12)
  6 wyverns
  A shadow (D:15)
  A vampire (D:14)
  Sigmund (D:2)
  10 humans
  49 yaks
  A water elemental (Shoals:2)
  A wraith (D:11)
  A fire elemental (Lair:3)
  6 basilisks
  3 hogs (D:7)
  2 steam dragons
  A warg (Orc:1)
  Edmund (D:5)
  3 acid dragons
  4 swamp drakes (Lair:6)
  16 water moccasins
  9 porcupines
  5 sky beasts
  2 floating eyes (Gauntlet)
  33 orc warriors
  4 slaves (D:7)
  An eye of draining (shapeshifter) (D:11)
  2 eyes of draining
  12 ogres
  11 wolves
  11 centaurs
  6 crocodiles
  5 big kobolds
  19 bullfrogs
  2 wyvern skeletons
  10 scorpions
  14 killer bees
  4 wights (D:11)
  4 howler monkeys
  An electric eel (Lair:6)
  11 crimson imps
  5 centaur zombies
  A lava snake (Lair:3)
  2 quasits
  8 hounds
  7 jellies
  29 orc priests
  7 centaur skeletons
  5 bullfrog skeletons
  Ijyb (D:5)
  8 iguanas
  24 orc wizards
  13 worker ants
  A hound zombie (D:8)
  A hound skeleton (D:8)
  A worker ant zombie (D:11)
  Robin (D:2)
  2 howler monkey zombies (D:7)
  3 gnolls (D:5)
  12 adders
  A howler monkey skeleton (D:9)
  9 shadow imps
  4 oozes
  An adder zombie (D:7)
  An adder skeleton (D:7)
  4 worms
  A dart slug (D:1)
  4 leopard geckos
  69 orcs
  A ball python (D:6)
  6 giant cockroaches
  11 hobgoblins
  15 jackals
  A quokka (D:4)
  5 bats
  7 frilled lizards
  11 goblins
  A jackal skeleton (D:4)
  21 kobolds
  A quokka zombie (D:8)
  9 rats
  8 fungi
  11 plants
845 creatures vanquished.

Vanquished Creatures (collateral kills)
  An alligator snapping turtle (Shoals:1)
  A merfolk aquamancer (Shoals:2)
  An orc knight (Orc:2)
  2 fauns (Shoals:2)
  A water nymph (Shoals:2)
  A wyvern (D:9)
  A vampire (D:9)
  3 orc warriors (Orc:2)
  A big kobold (D:5)
  2 killer bees (D:9)
  3 orc priests (Orc:2)
  An adder (D:9)
  3 orcs (Orc:2)
  5 kobolds (D:5)
26 creatures vanquished.

Vanquished Creatures (others)
  5 fungi
  4 plants
9 creatures vanquished.

Grand Total: 880 creatures vanquished

Notes
Turn   | Place    | Note
-------+----------+-------------------------------------------
     0 | D:1      | CrazedAxUser the Minotaur Berserker began the quest for the
                  | Orb.
     0 | D:1      | Reached XP level 1. HP: 19/19 MP: 0/0
   183 | D:1      | Reached skill level 4 in Axes
   385 | D:1      | Reached XP level 2. HP: 27/27 MP: 1/1
  1159 | D:2      | Reached XP level 3. HP: 29/33 MP: 2/2
  1197 | D:2      | Noticed Sigmund
  1209 | D:2      | Killed Sigmund
  1209 | D:2      | Reached ** piety under Trog
  1209 | D:2      | Reached skill level 5 in Fighting
  1209 | D:2      | Reached skill level 6 in Axes
  1209 | D:2      | Reached XP level 4. HP: 42/42 MP: 3/3
  1209 | D:2      | Reached XP level 5. HP: 48/48 MP: 4/4
  1595 | D:2      | Noticed Robin
  1604 | D:2      | Killed Robin
  1686 | D:2      | Found a glowing golden altar of the Shining One.
  2065 | D:3      | Reached skill level 7 in Axes
  2102 | D:3      | Reached XP level 6. HP: 56/56 MP: 5/5
  2920 | D:3      | Found a deep blue altar of Sif Muna.
  3146 | D:4      | Reached skill level 8 in Axes
  3189 | D:4      | Reached XP level 7. HP: 64/64 MP: 6/6
  3535 | D:4      | Found a shadowy altar of Dithmenos.
  3682 | D:4      | Reached *** piety under Trog
  3809 | D:5      | Entered Level 5 of the Dungeon
  3818 | D:5      | Reached skill level 9 in Axes
  4064 | D:5      | Noticed Ijyb
  4075 | D:5      | Killed Ijyb
  4083 | D:5      | Reached XP level 8. HP: 73/73 MP: 7/7
  4084 | D:5      | Reached skill level 10 in Axes
  4184 | D:5      | Found a runed translucent gate.
  4184 | D:5      | Noticed jf82's ghost (novice TeCj)
  4185 | D:5      | Found a runed translucent gate.
  4186 | D:5      | Found a runed translucent gate.
  4186 | D:5      | Identified the +7 dagger of Deynoluwk {venom, rC+ Dex+4}
  4267 | D:5      | Noticed a two-headed ogre
  4278 | D:5      | Killed a two-headed ogre
  4278 | D:5      | Reached skill level 11 in Axes
  4550 | D:5      | Found a basalt altar of Yredelemnul.
  4552 | D:5      | Found a radiant altar of Vehumet.
  4553 | D:5      | Found a bloodstained altar of Trog.
  4555 | D:5      | Found an ancient bone altar of Kikubaaqudgha.
  4556 | D:5      | Found a hide-covered altar of Uskayaw.
  4693 | D:5      | Noticed Edmund
  4702 | D:5      | Killed Edmund
  4702 | D:5      | Reached XP level 9. HP: 83/83 MP: 8/8
  4861 | D:6      | Found an ornate altar of the Wu Jian Council.
  4901 | D:6      | Reached skill level 12 in Axes
  4946 | D:6      | Reached **** piety under Trog
  5575 | D:6      | Found a staircase to the Ecumenical Temple.
  5581 | Temple   | Entered the Ecumenical Temple
  6146 | D:7      | Reached skill level 13 in Axes
  6207 | D:7      | Reached skill level 10 in Fighting
  6332 | D:7      | Found a sparkling altar of Nemelex Xobeh.
  6332 | D:7      | Found a burning altar of Makhleb.
  6333 | D:7      | Found a blossoming altar of Fedhas.
  6334 | D:7      | Noticed a gargoyle
  6335 | D:7      | Noticed a troll
  6336 | D:7      | Found a transporter.
  6336 | D:7      | Noticed a troll
  6346 | D:7      | Found a transporter.
  6812 | D:7      | Noticed Joseph
  6822 | D:7      | Killed Joseph
  6853 | D:7      | Noticed Pikel
  6872 | D:7      | Killed Pikel
  6872 | D:7      | Reached skill level 14 in Axes
  6872 | D:7      | Reached XP level 10. HP: 36/94 MP: 9/9
  7719 | D:5      | Killed jf82's ghost
  7831 | D:7      | Killed a gargoyle
  7932 | D:8      | Reached skill level 15 in Axes
  7942 | D:8      | Reached skill level 5 in Armour
  8179 | D:8      | Found Quosk's Armour Emporium.
  8275 | D:8      | Found an iron altar of Okawaru.
  8395 | D:8      | Bought the cursed +0 plate armour of Resilience {rElec} for
                  | 476 gold pieces
  8876 | D:8      | Found a shimmering altar of Xom.
  8924 | D:9      | Noticed Maurice
  8960 | D:8      | HP: 4/96 [acid (11)]
  9642 | D:8      | Killed Maurice
  9809 | D:9      | Reached XP level 11. HP: 16/104 MP: 10/10
 10655 | D:10     | Entered Level 10 of the Dungeon
 10670 | D:10     | Gained mutation: Your flesh is cold resistant. (rC+)
                  | [potion of mutation]
 10670 | D:10     | Gained mutation: You can translocate small distances at
                  | will. [potion of mutation]
 10670 | D:10     | Gained mutation: You are clumsy. (Dex -2) [potion of
                  | mutation]
 10670 | D:10     | Gained mutation: You expend magic power (3 MP) to
                  | strengthen your wands. [potion of mutation]
 10818 | D:10     | Reached ***** piety under Trog
 10853 | D:10     | Noticed a two-headed ogre
 10862 | D:10     | Killed a two-headed ogre
 10959 | D:10     | Found a staircase to the Lair.
 10990 | D:10     | Killed an unseen horror
 10990 | D:10     | Reached skill level 16 in Axes
 11167 | D:10     | Found Busaityu's Assorted Antiques.
 11180 | D:10     | Bought a scroll labeled ATEIPE DUNUPT for 26 gold pieces
 11180 | D:10     | Bought a scroll labeled BUIR WUKOKKIUZ for 26 gold pieces
 11180 | D:10     | Bought a scroll labeled WITORY OHU for 26 gold pieces
 11180 | D:10     | Bought a grey potion for 23 gold pieces
 11180 | D:10     | Bought a scroll labeled ATEIPE DUNUPT for 26 gold pieces
 11180 | D:10     | Bought a scroll of identify for 52 gold pieces
 11620 | D:11     | Noticed a brown ugly thing
 11630 | D:11     | Killed a brown ugly thing
 11630 | D:11     | Noticed a purple ugly thing
 11634 | D:11     | Killed a purple ugly thing
 11635 | D:11     | Noticed a two-headed ogre
 11641 | D:11     | Killed a two-headed ogre
 11744 | D:11     | Received a gift from Trog
 11772 | D:11     | Found Ejiut's Antique Weapon Shop.
 12001 | D:11     | Found a gate leading to a gauntlet.
 12010 | Gauntlet | Entered a Gauntlet
 12010 | Gauntlet | Found a transporter.
 12010 | Gauntlet | Found a transporter.
 12010 | Gauntlet | Found a transporter.
 12032 | Gauntlet | Found a transporter.
 12045 | Gauntlet | Found a transporter.
 12048 | Gauntlet | Found a transporter.
 12066 | Gauntlet | Found a transporter.
 12068 | Gauntlet | Noticed a death drake
 12074 | Gauntlet | Found the +0 pair of fencer's gloves {Riposte Dex+3}
 12080 | Gauntlet | Noticed a great orb of eyes
 12081 | Gauntlet | Noticed a red ugly thing
 12083 | Gauntlet | Found a transporter.
 12097 | Gauntlet | Found a transporter.
 12100 | Gauntlet | Found a transporter.
 12100 | Gauntlet | Noticed a queen ant
 12114 | Gauntlet | Found a transporter.
 12117 | Gauntlet | Found a transporter.
 12223 | Gauntlet | Reached skill level 17 in Axes
 12455 | Gauntlet | Killed a death drake
 12455 | Gauntlet | Reached XP level 12. HP: 96/109 MP: 3/11
 12487 | Gauntlet | Got a dazzling war axe
 13060 | Gauntlet | Noticed a minotaur
 13069 | Gauntlet | Killed a minotaur
 13078 | Gauntlet | Identified the Collected Works on Sinister Intoxication
 13296 | D:11     | Noticed Erolcha
 13303 | D:11     | Killed Erolcha
 13704 | D:11     | Identified the +5 war axe of the Viper {flame, rF+ Dex+3}
                  | (You found it in a Gauntlet)
 13811 | D:10     | Bought a scroll of identify for 52 gold pieces
 13893 | Lair:1   | Entered Level 1 of the Lair of Beasts
 14144 | Lair:1   | Noticed a catoblepas
 14150 | Lair:1   | Killed a catoblepas
 14362 | Lair:1   | Reached skill level 18 in Axes
 14810 | Lair:2   | Found a staircase to the Shoals.
 14888 | Lair:2   | Reached skill level 10 in Armour
 15351 | Lair:2   | Noticed an eight-headed hydra
 15358 | Lair:2   | Killed a four-headed hydra
 15427 | Lair:2   | You fall through a shaft!
 15430 | Lair:3   | Noticed a death yak
 15430 | Lair:3   | Noticed a death yak
 15430 | Lair:3   | Noticed a death yak
 15430 | Lair:3   | Noticed a death yak
 15439 | Lair:3   | Killed a death yak
 15440 | Lair:3   | Noticed a death yak
 15442 | Lair:3   | Killed a death yak
 15443 | Lair:3   | Killed a death yak
 15443 | Lair:3   | Reached XP level 13. HP: 124/124 MP: 12/12
 15455 | Lair:3   | Received a gift from Trog
 15837 | Lair:2   | Reached skill level 19 in Axes
 16143 | Lair:3   | Found a large runed translucent door.
 16145 | Lair:3   | Found a large runed translucent door.
 16550 | Lair:3   | You fall through a shaft for 3 floors!
 16550 | Lair:6   | Entered Level 6 of the Lair of Beasts
 16655 | Lair:5   | Found a staircase to the Slime Pits.
 16666 | Lair:5   | Reached ****** piety under Trog
 16666 | Lair:5   | Received a gift from Trog
 16748 | Lair:4   | Found a hole to the Spider Nest.
 16752 | Lair:4   | Reached skill level 15 in Fighting
 17006 | Lair:3   | Noticed Tuffe's ghost (journeyman OgTm)
 17022 | Lair:3   | Killed Tuffe's ghost
 17022 | Lair:3   | Reached skill level 20 in Axes
 17279 | Lair:4   | Reached skill level 1 in Throwing
 17485 | Lair:4   | Reached XP level 14. HP: 135/135 MP: 4/13
 17994 | Lair:4   | Found a runed translucent door.
 17994 | Lair:4   | Noticed CrazedAxUser's ghost (journeyman MiBe)
 18005 | Lair:4   | Killed CrazedAxUser's ghost
 18977 | Lair:6   | Received a gift from Trog
 19872 | Lair:6   | Found a runed translucent door.
 20107 | Lair:6   | Reached skill level 5 in Dodging
 20604 | D:12     | Found a staircase to the Orcish Mines.
 20632 | D:12     | Noticed Rupert
 20648 | D:12     | Killed Rupert
 20648 | D:12     | Reached skill level 5 in Throwing
 21149 | D:12     | Noticed Urug
 21157 | D:12     | Killed Urug
 21157 | D:12     | Received a gift from Trog
 21619 | D:13     | Found Mamyam's Jewellery Boutique.
 21971 | D:14     | Reached XP level 15. HP: 140/145 MP: 4/14
 22323 | D:14     | Received a gift from Trog
 22332 | D:14     | Found a stormy altar of Qazlal.
 22567 | D:14     | Found a gate to the Vaults.
 22782 | D:15     | Entered Level 15 of the Dungeon
 22799 | D:15     | Reached skill level 21 in Axes
 22975 | D:15     | Got a warped granite ring
 22977 | D:15     | Identified the ring "Agir" {rElec Dex+4 Stlth+} (You found
                  | it on level 15 of the Dungeon)
 23189 | D:15     | Received a gift from Trog
 23215 | D:15     | Found a runed translucent door.
 23253 | D:15     | Found a runed translucent door.
 23261 | D:15     | Found a runed translucent door.
 23268 | D:15     | Found a runed translucent door.
 23268 | D:15     | Found Ykku's Gadget Shoppe.
 23797 | D:15     | Found a stormy altar of Qazlal.
 24083 | D:15     | Found a staircase to the Depths.
 24686 | D:10     | Bought a potion of curing for 78 gold pieces
 24836 | Orc:1    | Entered Level 1 of the Orcish Mines
 25001 | Orc:2    | Entered Level 2 of the Orcish Mines
 25285 | Orc:2    | Received a gift from Trog
 25289 | Orc:2    | Found a staircase to the Elven Halls.
 25333 | Orc:2    | Found a roughly hewn altar of Beogh.
 25350 | Orc:2    | Received a gift from Trog
 26381 | Orc:2    | Received a gift from Trog
 26709 | Orc:2    | Found Qyceydopn's Assorted Antiques.
 26709 | Orc:2    | Found Xuis's Food Boutique.
 26710 | Orc:2    | Found Agips's Jewellery Boutique.
 26710 | Orc:2    | Found Poxt's Book Shop.
 26723 | Orc:2    | Bought an uncursed ring of protection from cold for 425
                  | gold pieces
 26723 | Orc:2    | Bought a cursed -3 ring of strength for 34 gold pieces
 26729 | Orc:2    | Bought a scroll labeled KIQ CISITATEN for 31 gold pieces
 26729 | Orc:2    | Bought a potion of mutation for 248 gold pieces
 26729 | Orc:2    | Bought a metallic puce potion for 27 gold pieces
 26729 | Orc:2    | Bought a scroll of identify for 62 gold pieces
 27014 | Orc:2    | Bought an uncursed ring of flight for 297 gold pieces
 27187 | Shoals:1 | Entered Level 1 of the Shoals
 27197 | Shoals:1 | Reached XP level 16. HP: 123/155 MP: 5/15
 27794 | Shoals:1 | Noticed Frances
 27805 | Shoals:1 | Reached skill level 1 in Evocations
 27817 | Shoals:1 | Killed Frances
 28580 | Shoals:1 | Noticed Nikola
 28594 | Shoals:1 | Killed Nikola
 28594 | Shoals:1 | Received a gift from Trog
 29366 | Shoals:2 | Received a gift from Trog
 29378 | Shoals:2 | Got a scorched battleaxe {god gift}
 29379 | Shoals:2 | Identified the +6 battleaxe of Optimality {drain, Dex+2}
                  | (Trog gifted it to you on level 2 of the Shoals)
 29451 | Shoals:2 | Killed from afar by a merfolk aquamancer

Skill      XL: |  1  2  3  4  5  6  7  8  9 10 11 12 13 14 15 16 |
---------------+-------------------------------------------------+-----
Axes           | 4 6 7 8 9 11 14 15 17 18 20 21 | 21.7
Fighting       | 4 5 6 7 9 10 11 12 14 15 16 17 | 17.7
Armour         | 5 8 10 12 13 | 13.9
Throwing       | 1 5 8 9 |  9.1
Dodging        | 6 7 |  7.0
Evocations     | 2 |  2.8

Action                   |  1- 3 |  4- 6 |  7- 9 | 10-12 | 13-15 | 16-18 || total
-------------------------+-------+-------+-------+-------+-------+-------++-------
Melee: Hand axe          |    56 |   111 |   255 |   288 |       |       ||   710
       Headbutt          |     4 |    23 |    61 |   120 |   265 |    34 ||   507
       Battleaxe         |       |       |       |   105 |   796 |   128 ||  1029
       War axe           |       |       |       |    94 |   196 |       ||   290
Throw: Tomahawk          |       |       |       |       |       |     4 ||     4
Invok: Berserk           |     1 |     3 |     6 |     7 |    10 |     2 ||    29
       Trog's Hand       |       |     1 |     1 |     6 |     3 |     2 ||    13
       Brothers in Arms  |       |       |       |     3 |     2 |     2 ||     7
 Abil: Blink             |       |       |       |       |     1 |     4 ||     5
       Evoke Flight      |       |       |       |       |       |     6 ||     6
       Stop Flying       |       |       |       |       |       |     1 ||     1
  Use: Scroll            |       |     5 |     6 |    13 |    12 |       ||    36
       Potion            |       |       |       |     4 |       |     1 ||     5
 Stab: Distracted        |       |       |       |     3 |     1 |       ||     4
       Confused          |       |       |       |       |     2 |       ||     2
  Eat: Chunk             |     1 |     9 |    19 |    18 |    39 |     7 ||    93
       Ration            |       |       |       |     6 |     2 |     2 ||    10
Armor: Animal skin       |     3 |       |       |       |       |       ||     3
       Ring mail         |    15 |    53 |    27 |       |       |       ||    95
       Scale mail        |       |       |    34 |       |       |       ||    34
       Chain mail        |       |       |    23 |     6 |       |       ||    29
       Plate armour      |       |       |       |   222 |   581 |    95 ||   898
Dodge: Dodged            |    39 |    55 |   112 |   133 |   360 |    43 ||   742
       Rpst.: War axe    |       |       |       |    10 |    13 |       ||    23
       Battleaxe         |       |       |       |     2 |    70 |     5 ||    77
